 Dungeon Crawl Stone Soup version 0.29-a0-297-g7659ce593d (webtiles) character file.

Game seed: 18010950840600789874

732 Ajdolov the Basher (level 7, -2/56 HPs)
             Began as a Gnoll Wanderer on Mar 20, 2022.
             Slain by an orc
             ... wielding a +0 morningstar
              (7 damage)
             ... on level 5 of the Dungeon.
             The game lasted 00:05:16 (5126 turns).

Ajdolov the Basher (Gnoll Wanderer)                 Turns: 5126, Time: 00:05:16

Health: -2/56      AC:  5    Str: 15    XL:     7   Next: 73%
Magic:  11/11      EV: 11    Int:  9    God:
Gold:   143        SH:  0    Dex: 12    Spells: 11/11 levels left

rFire   . . .      SeeInvis .   a - +0 flail
rCold   . . .      Faith    .   (no shield)
rNeg    . . .      Spirit   .   p - +0 ring mail
rPois   .          Reflect  .   (no helmet)
rElec   .          Harm     .   (no cloak)
rCorr   .          Rampage  .   (no gloves)
Will    .....                   (no boots)
Stlth   +.........              (no amulet)
HPRegen 0.18/turn               (no ring)
MPRegen 0.12/turn               (no ring)

@: no status effects
A: fangs 1, strong nose, distributed training
a: no special abilities


You were on level 5 of the Dungeon.
You visited 1 branch of the dungeon, and saw 5 of its levels.

You collected 182 gold pieces.
You spent 39 gold pieces at shops.

Inventory:

Hand Weapons
 a - a +0 flail (weapon)
Missiles
 c - 15 poisoned darts (quivered)
Armour
 p - a +0 ring mail (worn)
Wands
 r - a wand of charming (12)
Scrolls
 d - a scroll of magic mapping {unknown}
 f - 2 scrolls of enchant armour {unknown}
 g - 2 scrolls of enchant weapon {unknown}
 i - 2 scrolls of fog {unknown}
 k - 2 scrolls of identify {unknown}
 l - 2 scrolls of amnesia {unknown}
 o - a scroll of summoning {unknown}
 q - a scroll of teleportation {unknown}
Potions
 b - 3 potions of curing
 e - a potion of mutation
 h - 2 potions of flight {unknown}
 j - a potion of resistance {unknown}
 m - a potion of degeneration {unknown}
 n - a potion of cancellation {unknown}


   Skills:
 + Level 5.3 Fighting
 + Level 7.1 Short Blades
 + Level 2.6 Long Blades
 + Level 2.6 Axes
 + Level 9.0 Maces & Flails
 + Level 2.6 Polearms
 + Level 2.6 Staves
 + Level 2.6 Slings
 + Level 2.6 Bows
 + Level 2.6 Crossbows
 + Level 3.7 Throwing
 + Level 2.6 Armour
 + Level 2.6 Dodging
 + Level 2.6 Stealth
 + Level 2.6 Shields
 + Level 2.6 Unarmed Combat
 + Level 2.6 Spellcasting
 + Level 2.1 Conjurations
 + Level 2.1 Hexes
 + Level 2.1 Summonings
 + Level 2.1 Necromancy
 + Level 2.1 Translocations
 + Level 2.1 Transmutations
 + Level 2.1 Fire Magic
 + Level 2.1 Ice Magic
 + Level 2.1 Air Magic
 + Level 2.1 Earth Magic
 + Level 2.1 Poison Magic
 + Level 3.0 Invocations
 + Level 2.6 Evocations


You had 11 spell levels left.
You didn't know any spells.
Your spell library contained the following spells:

 Spells                   Type           Power      Damage    Failure   Level
 Shock                    Conj/Air       20%        1d4       24%         1
 Sublimation of Blood     Necr           5%         N/A       36%         2
 Wereblood                Tmut           5%         N/A       36%         2
 Swiftness                Air            5%         N/A       58%         3
 Airstrike                Air            2%         N/A       94%         4
 Summon Hydra             Summ           2%         N/A       100%        7


Dungeon Overview and Level Annotations

Branches:
Dungeon (5/15)
 Temple: D:4-7

Altars:
Ru
Xom

Shops:
D:4 !

Annotations:
D:4 2 transporters, esteth's ghost, amateur OpFi


Innate Abilities, Weirdness & Mutations

You have very sharp teeth.
Your uncanny sense of smell can sniff out nearby items.
Your experience applies equally to all skills.


Message History

The orc barely misses you.
You hear some strange, mumbled words.
A magic dart appears from out of thin air!
The magic dart hits you.
* * * LOW HITPOINT WARNING * * *
You feel better. The orc misses you. The orc barely misses you.
Something hits you but does no damage.
You barely miss the orc.
The orc is moderately wounded.
The orc barely misses you. The orc closely misses you. Something hits you.
You hit the orc.
The orc is severely wounded.
The orc hits you but does no damage. The orc closely misses you.
Something hits you.
You closely miss the orc.
The orc is severely wounded.
The orc barely misses you. The orc hits you with a +0 short sword.
* * * LOW HITPOINT WARNING * * *
You sock the orc!
You kill the orc!
The orc barely misses you. Something hits you.
* * * LOW HITPOINT WARNING * * *
The orc hits you with a +0 morningstar.
* * * LOW HITPOINT WARNING * * *
You hit something but do no damage. Your bite misses something.
The orc barely misses you. Something barely misses you.
The orc barely misses you.
You barely miss something. The orc hits you with a +0 whip.
* * * LOW HITPOINT WARNING * * *
Something hits you but does no damage. The orc hits you with a +0 morningstar!
* * * LOW HITPOINT WARNING * * *
Unknown command.
You feel better. The orc misses you. Something hits you but does no damage.
The orc barely misses you.
You feel better. The orc hits you with a +0 whip.
* * * LOW HITPOINT WARNING * * *
Something hits you.
* * * LOW HITPOINT WARNING * * *
The orc hits you with a +0 morningstar!
You die...

#.. .# ##.. #.#
#... #.## ##.#.
#..# #..#. #..#
##.##. #..## # #
##.#### #.)##
##..###..# # #{@##
#........## #
##oo###.....#...##
##..........#...##
##.#........##..#
#........... ##..
#.#......... ##.
##.#......... ##
#.###........ #
##.# #.......


You could see 2 orcs.

Vanquished Creatures
  Sigmund (D:4)
  A black bear (D:5)
  An ogre (D:5)
  A necrophage (D:5)
  A scorpion (D:5)
  A howler monkey (D:4)
  A hound (D:4)
  2 jellies
  3 gnolls (D:5)
  5 adders
  An ufetubus (D:4)
  4 worms
  A dart slug (D:1)
  4 orcs
  4 bats
  2 endoplasms (D:1)
  3 giant cockroaches
  4 goblins (D:1)
  5 hobgoblins
  3 quokkas
  7 ball pythons
  2 frilled lizards
  5 kobolds
  5 rats
67 creatures vanquished.

Notes
Turn   | Place    | Note
-------+----------+-------------------------------------------
     0 | D:1      | Ajdolov the Gnoll Wanderer began the quest for the Orb.
     0 | D:1      | Ajdolov set off with the following items: a +0 flail, a +0
                  | short sword, 10 poisoned darts, a +0 dagger, a potion of
                  | mutation, a +0 leather armour
     0 | D:1      | Reached XP level 1. HP: 20/20 MP: 1/1
   287 | D:1      | Reached XP level 2. HP: 24/26 MP: 2/2
   723 | D:1      | Reached XP level 3. HP: 31/31 MP: 3/3
  1346 | D:2      | Reached skill level 1 in Invocations
  1576 | D:2      | You fall into a shaft and drop 2 floors!
  1673 | D:4      | Found Metenim's Distillery.
  1686 | D:4      | Reached skill level 1 in Long Blades
  1686 | D:4      | Reached skill level 1 in Axes
  1686 | D:4      | Reached skill level 1 in Polearms
  1686 | D:4      | Reached skill level 1 in Staves
  1686 | D:4      | Reached skill level 1 in Slings
  1686 | D:4      | Reached skill level 1 in Bows
  1686 | D:4      | Reached skill level 1 in Crossbows
  1686 | D:4      | Reached skill level 1 in Armour
  1686 | D:4      | Reached skill level 1 in Dodging
  1686 | D:4      | Reached skill level 1 in Stealth
  1686 | D:4      | Reached skill level 1 in Shields
  1686 | D:4      | Reached skill level 1 in Unarmed Combat
  1686 | D:4      | Reached skill level 1 in Spellcasting
  1686 | D:4      | Reached skill level 1 in Evocations
  1686 | D:4      | Reached XP level 4. HP: 28/38 MP: 5/5
  1689 | D:4      | Bought a potion of curing for 39 gold pieces
  2021 | D:3      | Reached skill level 1 in Conjurations
  2021 | D:3      | Reached skill level 1 in Hexes
  2021 | D:3      | Reached skill level 1 in Summonings
  2021 | D:3      | Reached skill level 1 in Necromancy
  2021 | D:3      | Reached skill level 1 in Translocations
  2021 | D:3      | Reached skill level 1 in Transmutations
  2021 | D:3      | Reached skill level 1 in Fire Magic
  2021 | D:3      | Reached skill level 1 in Ice Magic
  2021 | D:3      | Reached skill level 1 in Air Magic
  2021 | D:3      | Reached skill level 1 in Earth Magic
  2021 | D:3      | Reached skill level 1 in Poison Magic
  2074 | D:2      | Found a faded altar of an unknown god.
  2557 | D:3      | Reached XP level 5. HP: 40/43 MP: 6/6
  3290 | D:4      | Identified the +0 leather armour "Ezuxkips" {rN+ rCorr
                  | Dex+4}
  3479 | D:4      | Found a sacrificial altar of Ru.
  3488 | D:4      | Found a shimmering altar of Xom.
  3531 | D:4      | Found a transporter.
  3531 | D:4      | Noticed esteth's ghost (amateur OpFi)
  3537 | D:4      | Found a transporter.
  3626 | D:4      | Noticed Sigmund
  3643 | D:4      | Killed Sigmund
  3644 | D:4      | Reached skill level 5 in Fighting
  3644 | D:4      | Reached XP level 6. HP: 42/51 MP: 7/9
  3775 | D:5      | Entered Level 5 of the Dungeon
  4033 | D:5      | Noticed a black bear
  4057 | D:4      | Reached XP level 7. HP: 48/56 MP: 10/10
  4831 | D:5      | Reached skill level 9 in Maces & Flails
  5124 | D:5      | HP: 1/56 [orc/+0 morningstar (8)]
  5126 | D:5      | Slain by an orc

Illustrated notes

Levels and vault maps discovered:
D:1:      wander_arrival_estate, layout_loops_ring, minmay_domino_2
D:2:      layout_basic, basic_ecumenical_altar, minivault_14
D:3:      layout_rooms
D:4:      layout_cave_pods, mainiacjoe_overflow_swirl, serial_rivers,
          chequers_serial_rivers_room_a, chequers_serial_rivers_room_a,
          chequers_serial_rivers_marsh, chequers_serial_rivers_micro_b,
          chequers_serial_rivers_small_a, gammafunk_ghost_mausoleum,
          serial_shops, shop, uniq_sigmund
D:5:      layout_cave_pods, uniq_pikel

Skill      XL: |  1  2  3  4  5  6  7 |
---------------+----------------------+-----
Invocations    | 1 2 3 |  3.0
Long Blades    | 1 2 |  2.6
Axes           | 1 2 |  2.6
Polearms       | 1 2 |  2.6
Staves         | 1 2 |  2.6
Slings         | 1 2 |  2.6
Bows           | 1 2 |  2.6
Crossbows      | 1 2 |  2.6
Armour         | 1 2 |  2.6
Dodging        | 1 2 |  2.6
Stealth        | 1 2 |  2.6
Shields        | 1 2 |  2.6
Unarmed Combat | 1 2 |  2.6
Spellcasting   | 1 2 |  2.6
Evocations     | 1 2 |  2.6
Conjurations   | 1 2 |  2.1
Hexes          | 1 2 |  2.1
Summonings     | 1 2 |  2.1
Necromancy     | 1 2 |  2.1
Translocations | 1 2 |  2.1
Transmutations | 1 2 |  2.1
Fire Magic     | 1 2 |  2.1
Ice Magic      | 1 2 |  2.1
Air Magic      | 1 2 |  2.1
Earth Magic    | 1 2 |  2.1
Poison Magic   | 1 2 |  2.1
Throwing       | 3 |  3.7
Fighting       | 5 |  5.3
Short Blades   | 7 |  7.1
Maces & Flails | 9 |  9.0

Action                   |  1- 3 |  4- 6 |  7- 9 || total
-------------------------+-------+-------+-------++-------
Melee: Flail             |    75 |   105 |    55 ||   235
       Bite              |     8 |    15 |     5 ||    28
       Punch             |     1 |       |     1 ||     2
  Use: Potion            |       |       |     3 ||     3
 Stab: Sleeping          |     1 |     1 |       ||     2
Armor: Leather armour    |    22 |    16 |       ||    38
       Ring mail         |       |       |    21 ||    21
Dodge: Dodged            |    37 |    69 |    42 ||   148

Table legend: (Time is in decaauts)
 A = Elapsed time spent in this place.
 B = Non-inter-level travel time spent in this place.
 C = Inter-level travel time spent in this place.
 D = Time resting spent in this place.
 E = Time spent auto-exploring this place.
 F = Levels seen in this place.
 G = Mean time per level.
                   A        B        C        D        E       F      G
               +--------+--------+--------+--------+--------+-----+--------+
         Total |   5123 |   5000 |    123 |   1301 |   2904 |   5 | 1024.6 |
       Dungeon |   5123 |   5000 |    123 |   1301 |   2904 |   5 | 1024.6 |
               +--------+--------+--------+--------+--------+-----+--------+

Top non-repeatable levels by time:
     D:4: 1296 daAuts
     D:1: 1211 daAuts
     D:5: 1189 daAuts
     D:2: 761 daAuts
     D:3: 665 daAuts
